 Dungeon Crawl Stone Soup version 0.29.1-14-g9c671dbff4 (webtiles) character file.

Game seed: 2058410792085679987

2256 sanboga the Chopper (level 9, 0/84 HPs)
             Began as a Gargoyle Fighter on Feb 16, 2023.
             Was an Initiate of Trog.
             Slain by a gnoll
             ... wielding a +1 halberd of freezing
             ... led by a gnoll sergeant
              (1 damage)
             ... on level 6 of the Dungeon.
             The game lasted 00:06:26 (6323 turns).

sanboga the Chopper (Gargoyle Fighter)              Turns: 6323, Time: 00:06:26

Health: 0/84       AC: 24    Str: 30    XL:     9   Next: 37%
Magic:  9/9        EV:  2    Int:  9    God:    Trog [......]
Gold:   359        SH:  9    Dex:  9    Spells: 8/8 levels left

rFire   . . .      SeeInvis .   a - +0 war axe
rCold   . . .      Faith    .   z - +0 kite shield
rNeg    + . .      Spirit   .   (body armour currently unavailable)
rPois   ∞          Reflect  .   (helmet currently unavailable)
rElec   .          Harm     .   (cloak currently unavailable)
rCorr   .          Rampage  .   (gloves currently unavailable)
Will    .....      NoTele   +   (boots currently unavailable)
Stlth   +.........              (no amulet)
HPRegen 0.24/turn               e - ring of flight
MPRegen 0.11/turn               t - +6 ring of strength

@: brilliant, tree-form, hasted, very quick
A: stationary, stasis, torment immunity, boosted hp, sickness immunity, AC +6,
negative energy resistance 1, (electricity resistance), torment resistance 1,
petrification resistance
a: Renounce Religion


You were on level 6 of the Dungeon.
You worshipped Trog.
Trog was noncommittal.
You were a tree.
You visited 1 branch of the dungeon, and saw 7 of its levels.

You collected 404 gold pieces.
You spent 45 gold pieces at shops.

Inventory:

Hand Weapons
 a - a +0 war axe (weapon)
Armour
 b - the +1 pair of gloves of Wrong Decisions (melded) {rElec Regen+}
   (You found it on level 5 of the Dungeon)

   rElec:     It insulates you from electricity.
   Regen:     It increases your rate of health regeneration.
 p - a +0 pair of boots (melded)
 z - a +0 kite shield (worn)
 A - a +0 chain mail (melded)
Jewellery
 e - a ring of flight (left branch)
 t - a +6 ring of strength (right branch)
 x - a ring of resist corrosion
Wands
 m - a wand of quicksilver (10)
 s - a wand of charming (12)
Scrolls
 f - a scroll of amnesia {unknown}
 i - a scroll of acquirement {unknown}
 k - 3 scrolls of teleportation {unknown}
 n - a scroll of brand weapon {unknown}
 q - a scroll of fear {unknown}
 r - a scroll of fog {unknown}
 v - 8 scrolls of identify {unknown}
 y - a scroll of poison
 B - a scroll of magic mapping {unknown}
Potions
 c - a potion of magic {unknown}
 d - 3 potions of might
 h - 2 potions of flight
 j - a potion of ambrosia {unknown}
 l - a potion of haste
 o - a potion of heal wounds {unknown}
 u - a potion of lignification
 w - a potion of attraction {unknown}


   Skills:
 + Level 6.8 Fighting
 * Level 7.3 Axes
 + Level 6.8 Armour
 + Level 6.8 Shields


You had 8 spell levels left.
You didn't know any spells.
Your spell library contained the following spells:

 Spells                   Type           Power      Damage    Failure   Level
 Ensorcelled Hibernation  Hex/Ice        0%         N/A       85%         2
 Passwall                 Tmut/Erth      0%         N/A       85%         2
 Frozen Ramparts          Ice            0%         1d1       97%         3
 Gell's Gravitas          Tloc           0%         N/A       97%         3
 Stone Arrow              Conj/Erth      0%         3d7       97%         3
 Swiftness                Air            0%         N/A       97%         3
 Teleport Other           Tloc           0%         N/A       97%         3
 Animate Armour           Summ/Erth      0%         N/A       100%        4
 Ice Form                 Ice/Tmut       0%         N/A       100%        4
 Summon Ice Beast         Ice/Summ       0%         N/A       100%        4
 Dispersal                Tloc           0%         N/A       100%        6
 Lehudib's Crystal Spear  Conj/Erth      0%         10d2      100%        8


Dungeon Overview and Level Annotations

Branches:
Dungeon (7/15)
 Temple: D:4-7

Altars:
Dithmenos
Nemelex Xobeh
Trog
Vehumet
Xom
Zin

Shops:
D:4 [


Innate Abilities, Weirdness & Mutations

You are a tree.
Your roots penetrate the ground, keeping you stationary.
You cannot be teleported.
You are immune to unholy pain and torment.
Your maximum health is greatly increased.
Your equipment is partially melded.
You are immune to sickness and miasma.
((Your stone body is resilient. (AC +6)))
You are immune to poison.
You resist negative energy. (rN+)
((You are resistant to electric shocks. (rElec)))
You are resistant to unholy torment.
You are immune to petrification.


Message History

Trog accepts your kill.
You hit the gnoll. You barely miss the gnoll. You hit the gnoll.
The gnoll hits you with a +1 halberd of freezing.
The gnoll freezes you. The gnoll hits you with a +0 flail.
The gnoll closely misses you.
The gnoll sergeant hits you but does no damage.
The gnoll hits you but does no damage. You block the gnoll's attack.
You block the gnoll sergeant's attack. The gnoll closely misses you.
The gnoll hits you but does no damage. The gnoll barely misses you.
You block the gnoll sergeant's attack.
The gnoll hits you with a +1 halberd of freezing!
* * * LOW HITPOINT WARNING * * *
The gnoll freezes you.
* * * LOW HITPOINT WARNING * * *
You fly upwards.
There is a stone staircase leading down here.
It was a potion of brilliance.
You feel clever all of a sudden. The gnoll hits you but does no damage.
You block the gnoll's attack. The gnoll hits you but does no damage.
You slash the gnoll!
You kill the gnoll!
Trog accepts your kill.
You hit the gnoll. You hit the gnoll but do no damage.
You block the gnoll's attack.
The gnoll hits you with a +1 halberd of freezing!
* * * LOW HITPOINT WARNING * * *
The gnoll freezes you.
* * * LOW HITPOINT WARNING * * *
It was a potion of lignification.
You turn into a tree.
The +1 pair of gloves of Wrong Decisions {rElec Regen+} melds into your body.
Your +0 pair of boots melds into your body.
Your +0 chain mail melds into your body.
Your roots penetrate the ground.
You block the gnoll's attack. x2
It was a potion of haste.
You feel yourself speed up. You block the gnoll's attack.
The gnoll hits you with a +1 halberd of freezing.
* * * LOW HITPOINT WARNING * * *
The gnoll freezes you.
You die...

###...## #.... #......#
#.... #......# #....
#......# ##### #......#
###########
#......######..(.......
#......#......#########
#####g.g.##############
#.♣................
#)#########......##
#................'.
#######..........##
#..........#
#..........##
#.#._..._...#
#...........#
#.....8.....#


You could see 2 gnolls.

Vanquished Creatures
  Pikel (D:6)
  Menkaure (D:5)
  Edmund (D:5)
  2 black bears
  3 ice beasts
  An ogre (D:4)
  2 scorpions (D:5)
  A gnoll sergeant (D:5)
  3 orc priests (D:5)
  2 jellies (D:4)
  2 gnoll boudas (D:6)
  A hound (D:4)
  Ijyb (D:5)
  An iguana (D:4)
  4 orc wizards
  9 adders
  18 gnolls
  A white imp (D:6)
  An ufetubus (D:5)
  A worm (D:2)
  3 dart slugs (D:1)
  14 orcs
  8 endoplasms
  6 giant cockroaches
  4 goblins
  8 hobgoblins
  7 jackals
  4 quokkas
  8 ball pythons
  8 bats
  3 frilled lizards (D:2)
  4 kobolds
  5 rats
138 creatures vanquished.

Vanquished Creatures (others)
  A fungus (D:2)
  6 plants
7 creatures vanquished.

Grand Total: 145 creatures vanquished

Notes
Turn   | Place    | Note
-------+----------+-------------------------------------------
     0 | D:1      | sanboga the Gargoyle Fighter began the quest for the Orb.
     0 | D:1      | Reached XP level 1. HP: 14/14 MP: 1/1
    53 | D:1      | Reached skill level 2 in Axes
   171 | D:1      | Reached XP level 2. HP: 19/19 MP: 2/2
   648 | D:1      | Reached XP level 3. HP: 23/23 MP: 3/3
   979 | D:2      | Found a faded altar of an unknown god.
  1352 | D:2      | Reached XP level 4. HP: 19/29 MP: 4/4
  1562 | D:2      | Found a radiant altar of Vehumet.
  1713 | D:3      | Reached skill level 3 in Axes
  2006 | D:3      | Found a sparkling altar of Nemelex Xobeh.
  2010 | D:3      | Reached XP level 5. HP: 33/33 MP: 5/5
  2798 | D:4      | Found Fydomepn's Armour Emporium.
  2806 | D:4      | Bought a +0 pair of gloves for 45 gold pieces
  2898 | D:4      | Noticed a black bear
  2908 | D:4      | Killed a black bear
  2909 | D:4      | Reached skill level 4 in Axes
  2909 | D:4      | Reached XP level 6. HP: 29/39 MP: 6/6
  3099 | D:4      | Reached XP level 7. HP: 17/44 MP: 7/7
  3751 | D:5      | Entered Level 5 of the Dungeon
  3770 | D:5      | Reached skill level 5 in Fighting
  3923 | D:5      | Reached skill level 5 in Shields
  3937 | D:5      | Reached skill level 5 in Armour
  4078 | D:5      | Noticed Edmund
  4096 | D:5      | Killed Edmund
  4097 | D:5      | Reached skill level 5 in Axes
  4533 | D:5      | Reached XP level 8. HP: 47/50 MP: 8/8
  4741 | D:5      | Noticed Menkaure
  4741 | D:5      | Noticed Ijyb
  4749 | D:5      | Killed Menkaure
  4758 | D:5      | Killed Ijyb
  4917 | D:5      | Identified the +1 leather armour "Goutoeg" {Will- Regen+
                  | Dex+3}
  4931 | D:5      | Reached skill level 6 in Axes
  5263 | D:5      | Identified the +1 pair of gloves of Wrong Decisions {rElec
                  | Regen+}
  5784 | D:6      | Found a shadowy altar of Dithmenos.
  5786 | D:6      | Found a glowing silver altar of Zin.
  5829 | D:6      | Reached XP level 9. HP: 56/56 MP: 9/9
  5840 | D:6      | Noticed Pikel
  5848 | D:6      | Killed Pikel
  5849 | D:6      | Reached skill level 7 in Axes
  6155 | D:6      | Found a shimmering altar of Xom.
  6155 | D:6      | Found a bloodstained altar of Trog.
  6297 | D:6      | Became a worshipper of Trog the Wrathful
  6321 | D:6      | HP: 2/56 [gnoll/+1 halberd of freezing[a gnoll sergeant]
                  | (8)]
  6323 | D:6      | Slain by a gnoll

Illustrated notes

Levels and vault maps discovered:
D:1:      saegor_arrival_simple_b, layout_loops_ring
D:2:      layout_basic, basic_altar, shapermc_ecumenical_altar_hornbeckon
D:3:      layout_rooms, lemuel_crystal_altar
D:4:      layout_cave_pods, serial_shops, nicolae_shop_hallway_stairs,
          nrook_mini_backslash
D:5:      layout_basic, saegor_snake_ambush, uniq_edmund, uniq_menkaure,
          uniq_ijyb
D:6:      layout_basic, grunt_temple_overflow_open, columned_hall_lemuel,
          uniq_pikel
D:7:      layout_layer_cave, minmay_temple_entry_overgrown, nicolae_benzene_ring

Skill      XL: |  1  2  3  4  5  6  7  8  9 |
---------------+----------------------------+-----
Axes           | 2 3 4 5 6 7 |  7.3
Shields        | 4 5 6 |  6.8
Fighting       | 4 5 6 |  6.8
Armour         | 4 5 6 |  6.8

Action                   |  1- 3 |  4- 6 |  7- 9 || total
-------------------------+-------+-------+-------++-------
Melee: War axe           |    95 |    93 |   168 ||   356
Evoke: Wand              |       |       |    10 ||    10
  Use: Potion            |       |     1 |     7 ||     8
       Scroll            |       |     2 |       ||     2
 Stab: Invisible         |       |       |     2 ||     2
Armor: Scale mail        |    63 |    66 |    58 ||   187
       Chain mail        |       |       |    91 ||    91
Dodge: Dodged            |    40 |    51 |    74 ||   165
Block: Buckler           |    25 |    16 |    23 ||    64
       Kite shield       |       |       |    67 ||    67
